 Dungeon Crawl Stone Soup version 0.20-a0-465-g6513c8f (webtiles) character file.

147 Dfrag the Shield-Bearer (level 5, 0/41 HPs)
             Began as a Formicid Fighter on Jan 12, 2017.
             Succumbed to an adder's poison
             ... on level 3 of the Dungeon.
             The game lasted 00:02:39 (1991 turns).

Dfrag the Shield-Bearer (Formicid Fighter)          Turns: 1991, Time: 00:02:39

Health: 0/41       AC:  8    Str: 21    XL:     5   Next: 55%
Magic:  5/5        EV: 13    Int:  7    God:
Gold:   179        SH: 10    Dex: 16    Spells: 4/4 levels left

rFire  . . .     SeeInvis +     a - +0 flail
rCold  . . .     Gourm    .     b - +0 scale mail
rNeg   . . .     Faith    .     c - +0 shield
rPois  .         Spirit   .     (helmet unavailable)
rElec  .         Reflect  .     (no cloak)
rCorr  .         Harm     .     u - +0 pair of gloves
MR     .....                    (no boots)
Stlth  +.........               (no amulet)
                                (no ring)
                                (no ring)

@: agile, lethally poisoned (0 -> -4)
A: permanent stasis, dig shafts and tunnels, four strong arms, antennae 3
a: Dig, Shaft Self


You were on level 3 of the Dungeon.
You were not hungry.

You visited 1 branch of the dungeon, and saw 3 of its levels.

You collected 179 gold pieces.

Inventory:

Hand Weapons
 a - a +0 flail (weapon)
Armour
 b - a +0 scale mail (worn)
 c - a +0 shield (worn)
 m - a +0 helmet
 u - a +0 pair of gloves (worn)
Scrolls
 j - 3 scrolls of identify {unknown}
 k - 4 scrolls of remove curse {unknown}
 l - a scroll of magic mapping {unknown}
 p - a scroll of enchant weapon {unknown}
 q - 3 scrolls of teleportation {unknown}
 r - a scroll of fog {unknown}
 s - a scroll of fear {unknown}
 t - a scroll of immolation {unknown}
Potions
 d - 2 potions of might
 e - a potion of ambrosia {unknown}
 h - a potion of agility
 i - a potion of haste {unknown}
 w - a potion of curing {unknown}
Comestibles
 f - 3 bread rations
 g - a meat ration
 n - 2 slices of pizza
 o - a royal jelly


   Skills:
 - Level 3.2 Fighting
 + Level 4.0 Maces & Flails
 - Level 3.2 Armour
 + Level 5.5 Shields


You had 4 spell levels left.
You didn't know any spells.

Dungeon Overview and Level Annotations

Branches:
Dungeon (3/15)

Altars:
Gozag
Ru
Uskayaw


Innate Abilities, Weirdness & Mutations

You cannot be hasted, slowed, berserked, paralysed or teleported.
You can dig through walls and to a lower floor.
Your four strong arms can wield two-handed weapons with a shield.
You have a pair of large antennae on your head. (SInv)


Message History

* * * LOW HITPOINT WARNING * * *
You feel sick. You block the adder's attack.
You closely miss the adder.
The adder is severely wounded.
* * * LOW HITPOINT WARNING * * *
You feel sick. The adder bites you but does no damage.
You block the adder's attack.
Your shield and scale mail prevent you from hitting the adder.
The adder is severely wounded.
* * * LOW HITPOINT WARNING * * *
You feel sick. The adder bites you but does no damage.
You sock the adder!
You kill the adder!
* * * LOW HITPOINT WARNING * * *
You feel sick. The bat hits you but does no damage. You block the bat's attack.
You see here an adder corpse.
It was a potion of agility.
You feel agile all of a sudden.
You die...

{ #.# #.......).#
#.## ####..#....#
#... ...........#
#..# ####..#...##
#..######..#...#
#..............###
#.######.........
#.###.## #.........
#...@b.# #.........
#####..#####......>..
#.............###
#.######.##...# #.#
#.##...#
#.######.###.##
#.......#.# .#
########.## ###


You could see a bat.

Vanquished Creatures
  Natasha (twice) (D:2)
  3 adders
  A shadow imp (D:3)
  2 oozes
  2 worms
  2 leopard geckos
  A giant cockroach (D:3)
  4 goblins
  5 hobgoblins
  7 jackals (D:2)
  3 kobolds
  A quokka (D:3)
  2 ball pythons
  5 bats
  4 frilled lizards
  8 rats
52 creatures vanquished.

Notes
Turn   | Place    | Note
-------+----------+-------------------------------------------
     0 | D:1      | Dfrag the Formicid Fighter began the quest for the Orb.
     0 | D:1      | Reached XP level 1. HP: 18/18 MP: 1/1
   366 | D:1      | Reached XP level 2. HP: 17/24 MP: 2/2
   668 | D:2      | Reached skill level 4 in Shields
   673 | D:2      | Found a hide-covered altar of Uskayaw.
   676 | D:2      | Found a sacrificial altar of Ru.
   678 | D:2      | Found an opulent altar of Gozag.
   953 | D:2      | Reached XP level 3. HP: 28/29 MP: 3/3
  1251 | D:2      | Noticed Natasha
  1260 | D:2      | Killed Natasha
  1260 | D:2      | Reached XP level 4. HP: 15/35 MP: 4/4
  1435 | D:2      | Noticed Natasha
  1439 | D:2      | Reached skill level 5 in Shields
  1451 | D:2      | Killed Natasha
  1464 | D:2      | Reached XP level 5. HP: 19/41 MP: 5/5
  1987 | D:3      | HP: 2/41 [poisoned by an adder]
  1991 | D:3      | Succumbed to an adder's poison

Vault maps used:
D:1:      lightli_arrival_maybe_door_vault
D:2:      grunt_temple_overflow_open, uniq_natasha
D:3:      uniq_grinder

Skill      XL: |  1  2  3  4  5 |
---------------+----------------+-----
Shields        | 4 5 |  5.5
Maces & Flails | 3 4 |  4.0
Fighting       | |  3.2
Armour         | |  3.2

Action                   |  1- 3 |  4- 6 || total
-------------------------+-------+-------++-------
Melee: Flail             |   118 |   130 ||   248
  Use: Potion            |       |     1 ||     1
  Eat: Chunk             |       |     4 ||     4
Armor: Scale mail        |    48 |    57 ||   105
Dodge: Dodged            |    45 |    45 ||    90
Block: Shield            |    79 |    80 ||   159
